 Dungeon Crawl Stone Soup version 0.25-a0-346-g140ab784a8 (webtiles) character file.

Game seed: 2996157849619731156, levelgen mode: deterministic

45038 jt the Blocker (level 14, 0/97 HPs)
             Began as a Halfling Fighter on Dec 31, 2019.
             Was a High Priest of Makhleb.
             Killed by Lee's Rapid Deconstruction
             ... invoked by Jorgrun
              (20 damage)
             ... while petrified by Jorgrun
             ... on level 2 of the Orcish Mines.
             The game lasted 01:34:28 (23216 turns).

jt the Blocker (Halfling Fighter)                  Turns: 23216, Time: 01:34:30

Health: 0/97       AC: 24    Str: 20    XL:     14   Next: 69%
Magic:  0/21       EV:  0    Int:  6    God:    Makhleb [*****.]
Gold:   189        SH:  0    Dex: 16    Spells: 13/13 levels left

rFire    + + .     SeeInvis .   a - +1 fustibalus
rCold    + . .     Gourm    .   c - +0 shield
rNeg     + + +     Faith    .   v - +0 plate armour
rPois    ∞         Spirit   +   K - +2 helmet
rElec    .         Reflect  .   A - scarf {rC+ rF+}
rCorr    .         Harm     .   m - +1 pair of gloves
MR       +....                  G - +2 pair of boots
Stlth    ..........             N - amulet of guardian spirit
HPRegen  0.26/turn              w - +2 ring of evasion
MPRegen  0.17/turn              g - ring of protection from fire

@: petrified, grasped by roots, very slightly contaminated, constricted
A: small, mutation resistance 1
a: Minor Destruction, Lesser Servant of Makhleb, Major Destruction, Greater
Servant of Makhleb, Renounce Religion


You were on level 2 of the Orcish Mines.
You worshipped Makhleb.
Makhleb was extremely pleased with you.
You were not hungry.

You visited 4 branches of the dungeon, and saw 20 of its levels.

You collected 1319 gold pieces.
You spent 1130 gold pieces at shops.

Inventory:

Hand Weapons
 a - a +1 fustibalus (weapon)
 b - a +4 scimitar
 F - a +0 trident
 M - a +2 hunting sling of freezing
Missiles
 e - 211 stones
 j - 61 sling bullets (quivered)
 s - 76 poisoned darts
 E - 7 boomerangs
Armour
 c - a +0 shield (worn)
 m - a +1 pair of gloves (worn)
 v - a +0 plate armour (worn)
 y - a +2 cloak
 A - a scarf of resistance (worn)
 G - a +2 pair of boots (worn)
 K - a +2 helmet (worn)
Jewellery
 g - a ring of protection from fire (right hand)
 w - a +2 ring of evasion (left hand)
 N - an amulet of guardian spirit (around neck)
 Y - an uncursed ring of resist corrosion
 Z - a +4 ring of strength
Wands
 C - a wand of iceblast (1)
 H - a wand of acid (3)
 J - a wand of paralysis (20)
 O - a wand of flame (26)
 P - a wand of enslavement (8)
 Q - a wand of random effects (35)
 V - a wand of digging (6)
Scrolls
 k - a scroll of blinking
 n - 8 scrolls of teleportation
 o - 13 scrolls of identify
 x - 5 scrolls of remove curse
 D - 2 scrolls of vulnerability
 L - 2 scrolls of fear
 R - a scroll of fog
 S - 3 scrolls of magic mapping
 X - a scroll of immolation
Potions
 d - 3 potions of might
 l - a potion of flight
 p - 7 potions of haste
 q - 11 potions of curing
 r - a potion of berserk rage
 t - 2 potions of mutation
 u - 2 potions of brilliance
 B - a potion of agility
 I - 3 potions of lignification
 T - 2 potions of heal wounds
 W - 2 potions of cancellation
Miscellaneous
 z - a sack of spiders
 U - a lamp of fire (inert)
Comestibles
 f - 27 rations


   Skills:
 + Level 9.4 Fighting
 - Level 2.3 Long Blades
 + Level 12.0 Slings
 - Level 0.2(5.3) Throwing
 + Level 11.0 Armour
 + Level 10.4 Dodging
 + Level 14.2 Shields
 + Level 10.2 Invocations


You had 13 spell levels left.
You didn't know any spells.
Your spell library contained the following spells:

 Spells                   Type           Power        Failure   Level  Hunger
 Animate Skeleton         Necr           N/A          100%        1    ##.....
 Apportation              Tloc           #.....       100%        1    ##.....
 Confusing Touch          Hex            #.....       100%        1    ##.....
 Freeze                   Ice            #...         100%        1    ##.....
 Infusion                 Chrm           #...         100%        1    ##.....
 Magic Dart               Conj           #...         100%        1    ##.....
 Shock                    Conj/Air       #...         100%        1    ##.....
 Summon Small Mammal      Summ           #...         100%        1    ##.....
 Ensorcelled Hibernation  Hex/Ice        #.....       100%        2    ###....
 Searing Ray              Conj           #.....       100%        2    ###....
 Shroud of Golubria       Chrm/Tloc      #.....       100%        2    ###....
 Song of Slaying          Chrm           #.......     100%        2    ###....
 Swiftness                Chrm/Air       #.......     100%        2    ###....
 Confuse                  Hex            #.......     100%        3    ####...
 Dazzling Flash           Conj/Hex       #.....       100%        3    ####...
 Gell's Gravitas          Tloc           #.........   100%        3    ####...
 Regeneration             Chrm/Necr      #.........   100%        3    ####...
 Spectral Weapon          Hex/Chrm       #.......     100%        3    ####...
 Static Discharge         Conj/Air       #.......     100%        3    ####...
 Airstrike                Air            #.........   100%        4    #####..
 Fulminant Prism          Conj/Hex       #.........   100%        4    #####..
 Iskenderun's Mystic Bla  Conj/Tloc      #.......     100%        4    #####..
 Petrify                  Tmut/Erth      #.......     100%        4    #####..
 Lightning Bolt           Conj/Air       #.........   100%        5    ######.
 Metabolic Englaciation   Hex/Ice        #.........   100%        5    ######.
 Yara's Violent Unravell  Hex/Tmut       #.........   100%        5    ######.
 Conjure Ball Lightning   Conj/Air       #.........   100%        6    #######
 Ozocubu's Refrigeration  Ice            #.........   100%        6    #######


Dungeon Overview and Level Annotations

Branches:
Dungeon (11/15)            Temple (1/1) D:7            Lair (6/6) D:9
 Shoals (0/4) Lair:3        Snake (0/4) Lair:3        Slime (0/5) Lair:6
    Orc (2/2) D:11            Elf (0/3) Orc:2

Altars:
Dithmenos
Gozag
Makhleb
Nemelex Xobeh
Qazlal
Sif Muna
Uskayaw
Vehumet
Wu Jian

Shops:
D:7 (   D:8 =}%   D:11 [

Portals:
Trove: D:10 (give +4 demon trident)

Annotations:
Orc:2 Jorgrun


Innate Abilities, Weirdness & Mutations

You are small and have problems with some larger weapons.
You are somewhat resistant to further mutation.


Message History

Okay, then.
A demon appears!
The grasping roots constrict you.
You have turned to stone.
Jorgrun casts a spell at you.
You struggle to resist.
The grasping roots constrict you! The grasping roots constrict you.
* * * LOW HITPOINT WARNING * * *
The grasping roots constrict you! Jorgrun casts a spell at you.
The iron shot hits you!!
* * * LOW HITPOINT WARNING * * *
x2 The grasping roots constrict you.
Your smoke demon completely misses Jorgrun.
Your smoke demon barely misses Jorgrun. x2
The grasping roots constrict you.
Your smoke demon gestures at Jorgrun.
The sticky flame hits Jorgrun.
Jorgrun is covered in liquid flames!
Jorgrun burns!
Jorgrun points at you and mumbles some strange words.
You shatter!!!
You die...

## ##############
.###.###.#...##.##..##
......#..............#
................#....##..
................#........
.....................##..
.........#.........<##.#.
........@................
.........................
.......................#.
...........g3.<.....#...(
..##................#....
. ##...........)....((..(
...................#....
........................
.##..................#.#


You could see Jorgrun (burning) and a friendly smoke demon.

Vanquished Creatures
  A fire dragon (Lair:6)
  Fannar (Lair:1)
  A two-headed ogre (D:9)
  8 death yaks
  A lindwurm (Lair:6)
  A manticore (Lair:3)
  An ugly thing (D:11)
  7 black mambas
  9 elephants
  12 spiny frogs
  3 molten gargoyles (Lair:6)
  3 rime drakes
  8 komodo dragons
  A troll (D:10)
  2 polar bears (Lair:5)
  17 blink frogs
  Grinder (D:4)
  10 hippogriffs
  4 dream sheep (Lair:4)
  Sigmund (D:3)
  A vampire (D:11)
  A spriggan (D:7)
  A basilisk (Lair:6)
  2 wyverns
  26 yaks
  2 hungry ghosts
  A steam dragon (Lair:6)
  5 hell hounds (Lair:6)
  2 nagas (Lair:3)
  11 porcupines
  10 water moccasins
  An ice beast (D:9)
  4 sky beasts
  A black bear (D:9)
  3 orc warriors (D:11)
  A necrophage (D:8)
  4 phantoms
  2 wolves (Lair:4)
  4 ogres
  2 centaurs
  3 big kobolds
  9 crocodiles
  19 bullfrogs
  3 scorpions
  A water moccasin skeleton (D:8)
  5 killer bees
  9 wights
  A howler monkey (D:10)
  5 electric eels
  2 crimson imps
  2 centaur zombies (D:10)
  2 bullfrog zombies
  4 hounds
  5 lava snakes (Lair:6)
  2 centaur skeletons (D:10)
  2 jellies
  11 orc priests
  5 bullfrog skeletons
  11 orc wizards
  2 iguanas
  Jessica (D:2)
  Ijyb (D:5)
  10 worker ants
  A hound zombie (D:5)
  A hound skeleton (D:9)
  A worker ant zombie (D:10)
  3 howler monkey skeletons
  15 adders
  5 shadow imps
  An ooze (D:7)
  An adder zombie (D:6)
  4 worms
  7 leopard geckos
  54 orcs
  4 giant cockroaches
  7 goblins
  8 hobgoblins
  10 jackals
  5 quokkas
  2 bats
  2 jackal skeletons (D:4)
  19 kobolds
  A leopard gecko skeleton (D:6)
  A quokka skeleton (D:5)
  A quokka zombie (D:9)
  10 rats
  2 fungi
  4 plants
460 creatures vanquished.

Vanquished Creatures (collateral kills)
  A hydra (Lair:6)
  A death yak (Lair:5)
  A black mamba (Lair:4)
  An elephant (Lair:5)
  A komodo dragon (Lair:5)
  3 blink frogs (Lair:5)
  2 dream sheep (Lair:4)
  2 basilisks
  A yak (Lair:5)
  A wolf (Lair:4)
  A bullfrog (Lair:5)
  A plant (Lair:5)
16 creatures vanquished.

Vanquished Creatures (others)
  2 fungi
  A plant (Lair:4)
3 creatures vanquished.

Grand Total: 479 creatures vanquished

Notes
Turn   | Place    | Note
-------+----------+-------------------------------------------
     0 | D:1      | jt the Halfling Fighter began the quest for the Orb.
     0 | D:1      | Reached XP level 1. HP: 15/15 MP: 1/1
   251 | D:1      | Reached XP level 2. HP: 20/20 MP: 2/2
   830 | D:2      | Reached XP level 3. HP: 25/25 MP: 3/3
   882 | D:2      | Noticed Jessica
   904 | D:2      | Killed Jessica
   904 | D:2      | Reached skill level 4 in Shields
   904 | D:2      | Reached XP level 4. HP: 30/30 MP: 4/4
   996 | D:2      | Found a burning altar of Makhleb.
   996 | D:2      | Noticed a cacodemon
   999 | D:2      | Noticed a hellwing
   999 | D:2      | Noticed a neqoxec
  1001 | D:2      | Became a worshipper of Makhleb the Destroyer
  1232 | D:1      | Reached XP level 5. HP: 36/36 MP: 5/5
  1537 | D:3      | Reached * piety under Makhleb
  1544 | D:3      | Noticed Sigmund
  1562 | D:3      | Killed Sigmund
  1562 | D:3      | Reached skill level 5 in Slings
  1562 | D:3      | Reached skill level 5 in Shields
  1562 | D:3      | Reached XP level 6. HP: 38/41 MP: 6/6
  1704 | D:3      | Found a shimmering blue altar of Sif Muna.
  1720 | D:3      | Found a shadowy altar of Dithmenos.
  1730 | D:3      | Found an ornate altar of the Wu Jian Council.
  1735 | D:3      | Found a stormy altar of Qazlal.
  1748 | D:3      | Found a radiant altar of Vehumet.
  2224 | D:4      | Noticed a phantom
  2275 | D:4      | Killed a phantom
  2275 | D:4      | Reached skill level 6 in Shields
  2275 | D:4      | Reached XP level 7. HP: 40/45 MP: 7/7
  2683 | D:4      | Noticed Grinder
  2697 | D:4      | Killed Grinder
  2697 | D:4      | Reached skill level 7 in Shields
  2697 | D:4      | Reached XP level 8. HP: 37/51 MP: 8/8
  3390 | D:5      | Entered Level 5 of the Dungeon
  3556 | D:5      | Reached ** piety under Makhleb
  3864 | D:5      | Found an opulent altar of Gozag.
  3913 | D:5      | Noticed Ijyb
  3923 | D:5      | Killed Ijyb
  4199 | D:5      | Reached skill level 8 in Shields
  5091 | D:6      | Reached XP level 9. HP: 55/55 MP: 9/9
  5239 | D:7      | Reached skill level 10 in Slings
  5261 | D:7      | Found Pozoll's Antique Weapon Shoppe.
  5314 | D:7      | Found a staircase to the Ecumenical Temple.
  5320 | Temple   | Entered the Ecumenical Temple
  5356 | D:7      | Reached *** piety under Makhleb
  5520 | D:7      | Reached skill level 9 in Shields
  6390 | D:7      | Reached skill level 10 in Shields
  6963 | D:8      | Reached XP level 10. HP: 63/63 MP: 10/10
  7206 | D:8      | Found Vomuhayr's Food Boutique.
  7252 | D:8      | Reached skill level 1 in Dodging
  7706 | D:8      | Found Ugizuh's Jewellery Emporium.
  7718 | D:8      | Bought an uncursed amulet of guardian spirit for 360 gold
                  | pieces
  7987 | D:8      | Reached skill level 1 in Invocations
  8036 | D:8      | Found a hide-covered altar of Uskayaw.
  8094 | D:8      | Found Xyplekui's Gadget Emporium.
  8116 | D:8      | Reached **** piety under Makhleb
  8511 | D:9      | Noticed a two-headed ogre
  8614 | D:9      | Killed a two-headed ogre
  8614 | D:9      | Reached skill level 5 in Armour
  8614 | D:9      | Reached skill level 11 in Shields
  8735 | D:9      | Found a sparkling altar of Nemelex Xobeh.
  9177 | D:9      | Reached XP level 11. HP: 70/70 MP: 13/13
  9256 | D:9      | Found a staircase to the Lair.
  9470 | D:9      | Noticed a two-headed ogre
  9872 | D:9      | Reached skill level 5 in Fighting
  9947 | D:10     | Entered Level 10 of the Dungeon
 10083 | D:10     | Reached skill level 5 in Dodging
 10694 | D:10     | Reached ***** piety under Makhleb
 10861 | D:10     | Found a portal to a secret trove of treasure.
 11001 | D:11     | Found Poed's Armour Shop.
 11009 | D:11     | Bought a +1 helmet for 149 gold pieces
 11137 | D:11     | Reached skill level 5 in Invocations
 11417 | D:11     | Noticed a cyan ugly thing
 11431 | D:11     | Killed a cyan ugly thing
 12176 | D:11     | Noticed an orc knight
 12316 | Lair:1   | Entered Level 1 of the Lair of Beasts
 12434 | Lair:1   | Noticed Fannar
 12530 | Lair:1   | Killed Fannar
 12530 | Lair:1   | Reached skill level 12 in Shields
 12760 | Lair:1   | Reached XP level 12. HP: 79/79 MP: 16/16
 13992 | Lair:2   | Identified Qenept's Compendium of the Snowflakes and
                  | Feathers
 14929 | Lair:3   | Found a staircase to the Snake Pit.
 15289 | Lair:3   | Found a staircase to the Shoals.
 15855 | Lair:4   | Reached XP level 13. HP: 86/86 MP: 18/18
 16279 | Lair:4   | Reached skill level 13 in Shields
 18466 | Lair:5   | Reached skill level 10 in Armour
 19037 | Lair:6   | Entered Level 6 of the Lair of Beasts
 19273 | Lair:6   | Reached XP level 14. HP: 95/95 MP: 20/20
 20830 | Lair:6   | Reached skill level 10 in Dodging
 21088 | Lair:6   | Found a large runed translucent door.
 21136 | Lair:6   | Reached skill level 14 in Shields
 21274 | Lair:6   | Reached skill level 10 in Invocations
 21629 | Lair:6   | Found a staircase to the Slime Pits.
 21937 | Lair:6   | Found a large runed translucent door.
 22604 | D:11     | Found a staircase to the Orcish Mines.
 22667 | Orc:1    | Entered Level 1 of the Orcish Mines
 22784 | Orc:2    | Entered Level 2 of the Orcish Mines
 22842 | Orc:2    | Found a staircase to the Elven Halls.
 22997 | D:7      | Bought a fustibalus for 390 gold pieces
 23044 | D:8      | Bought a wand of scattershot (3) for 231 gold pieces
 23181 | Orc:2    | Noticed Jorgrun
 23216 | Orc:2    | Killed from afar by Jorgrun

Levels and vault maps discovered:
D:1:      wander_arrival_abandoned_jail, layout_rooms
D:2:      layout_rooms, makhleb_altar_promises_db, first_ration, uniq_jessica
D:3:      layout_basic, lemuel_crystal_altar, nicolae_overflow_quartered_altars,
          uniq_sigmund
D:4:      layout_basic, uniq_grinder
D:5:      layout_loops_corners, grunt_gozag_statues, uniq_ijyb
D:6:      layout_rooms, water_boxes_lemuel
D:7:      layout_loops_corners, minmay_temple_entry_fiery, serial_shops, shop,
          the_bakery
D:8:      layout_basic, basic_altar, serial_shops, nicolae_shop_waterfront,
          shop, shop
D:9:      layout_basic, lair_entry_dummy, nemelex_lonely_heart_becter
D:10:     layout_roguey, trove_entry_hex_spiral, minmay_starry_boxes
D:11:     layout_loops_corners, erik_orc_2, serial_shops,
          nicolae_shop_behind_doors, shop_statue, uniq_erica
Temple:   nicolae_temple_elliptical
Lair:1:   layout_chaotic_city, uniq_fannar
Lair:2:   layout_chaotic_city, serial_bayou, serial_bayou_shore_a,
          serial_bayou_pond_a, serial_bayou_pond_c, serial_bayou_pond_b,
          serial_bayou_pond_e, lemuel_fruit_tree
Lair:3:   layout_cave_pods, minmay_shoals_entry_beasts,
          guppyfry_snake_entry_island
Lair:4:   layout_regular_city, grunt_forest_stairs_basic, grunt_megastairs_4
Lair:5:   layout_misc_corridors, st_stairs_9, beast_lair_carwin_8,
          grunt_megastairs_1, infiniplex_staircase_pool, serial_bayou_shore_b
Lair:6:   cheibrodos_lair_end_hotspot, layout_hall_layers,
          dpeg_slime_entry_corner
Orc:1:    layout_diamond_mine, serial_shops, shop
Orc:2:    kennysheep_orc_mage_school, layout_caves, rock_pile, uniq_erolcha,
          uniq_jorgrun

Skill      XL: |  1  2  3  4  5  6  7  8  9 10 11 12 13 14 |
---------------+-------------------------------------------+-----
Slings         | 2 3 5 6 7 9 12 | 12.0
Shields        | 4 5 6 7 8 10 11 12 13 14 | 14.2
Fighting       | 3 4 6 7 8 9 |  9.4
Dodging        | 4 6 7 9 10 | 10.4
Armour         | 5 7 8 10 11 | 11.0
Invocations    | 3 5 7 9 10 | 10.2
Long Blades    | |  2.3
Throwing       | |  0.2

Action                   |  1- 3 |  4- 6 |  7- 9 | 10-12 | 13-15 || total
-------------------------+-------+-------+-------+-------+-------++-------
Melee: Long sword        |    57 |    31 |    37 |       |       ||   125
       Hunting sling     |       |       |     2 |     4 |       ||     6
       Scimitar          |       |       |       |    65 |     7 ||    72
 Fire: Hunting sling     |    21 |   128 |   504 |  1199 |  1259 ||  3111
       Fustibalus        |       |       |       |       |     6 ||     6
Throw: Stone             |    21 |       |       |       |       ||    21
       Dart              |       |       |     4 |       |     2 ||     6
       Boomerang         |       |       |     1 |     4 |    58 ||    63
Invok: Lesser Servant of |       |       |       |     1 |    10 ||    11
       Minor Destruction |       |       |       |     1 |     7 ||     8
       Major Destruction |       |       |       |       |     2 ||     2
Evoke: Wand              |       |       |       |    11 |     9 ||    20
       Lamp of fire      |       |       |       |     1 |     1 ||     2
  Use: Scroll            |     1 |     2 |     7 |    13 |     4 ||    27
       Potion            |       |     2 |       |     2 |     1 ||     5
  Eat: Chunk             |       |     4 |     8 |    20 |     5 ||    37
       Ration            |       |       |     2 |     2 |     5 ||     9
Armor: Scale mail        |    40 |    21 |       |       |       ||    61
       Plate armour      |       |     5 |    72 |   167 |   169 ||   413
Dodge: Dodged            |    34 |    24 |    42 |   143 |   247 ||   490
Block: Shield            |    40 |    40 |    88 |   289 |   363 ||   820
       Rpst.: Long sword |     9 |     2 |     3 |       |       ||    14
       Scimitar          |       |       |       |     8 |       ||     8

Table legend:
 A = Non-vault XP
 B = Vault XP
 C = Vault XP percentage of total XP
 D = Non-vault monster count
 E = Vault monster count
 F = Vault count percentage of total count
                 A         B        C        D         E       F
            +---------+---------+-------+---------+---------+-------
      Total |   43954 |   20387 |  31.7 |     388 |      81 |  17.3
            +---------+---------+-------+---------+---------+-------
        D:1 |      58 |       0 |   0.0 |      15 |       0 |   0.0
        D:2 |      87 |      37 |  29.8 |      28 |       1 |   3.4
        D:3 |      73 |     227 |  75.7 |      17 |       1 |   5.6
        D:4 |     333 |     277 |  45.4 |      11 |       1 |   8.3
        D:5 |     735 |      36 |   4.7 |      29 |       1 |   3.3
        D:6 |     117 |       0 |   0.0 |       6 |       0 |   0.0
        D:7 |    1617 |     220 |  12.0 |      49 |       1 |   2.0
        D:8 |    1518 |       0 |   0.0 |      38 |       0 |   0.0
        D:9 |    3563 |       0 |   0.0 |      37 |       0 |   0.0
       D:10 |    1714 |     756 |  30.6 |      16 |       5 |  23.8
       D:11 |    2166 |     664 |  23.5 |      18 |      18 |  50.0
     Lair:1 |    1351 |    1315 |  49.3 |       8 |       3 |  27.3
     Lair:2 |    2887 |     447 |  13.4 |      14 |       3 |  17.6
     Lair:3 |    5704 |    1138 |  16.6 |      23 |       4 |  14.8
     Lair:4 |    4475 |    1878 |  29.6 |      19 |       5 |  20.8
     Lair:5 |   13085 |    4678 |  26.3 |      42 |      10 |  19.2
     Lair:6 |    4303 |    8714 |  66.9 |      14 |      28 |  66.7
      Orc:1 |      47 |       0 |   0.0 |       3 |       0 |   0.0
      Orc:2 |     121 |       0 |   0.0 |       1 |       0 |   0.0
            +---------+---------+-------+---------+---------+-------
